 Dungeon Crawl Stone Soup version 0.30-a0-840-ga523dec638 (webtiles) character file.

Game seed: 14680548917390997051

375 xian the Chopper (level 6, 0/45 (46) HPs)
             Began as a Demonspawn Reaver on Mar 2, 2023.
             Was an Initiate of Qazlal.
             Succumbed to a scorpion's poison
             ... on level 4 of the Dungeon.
             The game lasted 00:08:28 (3045 turns).

xian the Chopper (Demonspawn Reaver)                Turns: 3045, Time: 00:08:28

HP:   0/45 (46)     AC:  8    Str: 12    XL:     6   Next: 44%
MP:   9/9           EV: 12    Int: 17    God:    Qazlal [......]
Gold: 161           SH:  0    Dex: 11    Spells: 6/9 levels left

rFire   . . .      SeeInvis .    a - +0 hand axe
rCold   + . .      Faith    .    (no shield)
rNeg    . . .      Spirit   .    A - +1 leather armour {rC+}
rPois   .          Reflect  .    (no helmet)
rElec   .          Harm     .    (no cloak)
rCorr   .          Rampage  .    q - +0 pair of gloves
Will    .....                    u - +0 pair of boots
Stlth   ++                       (no amulet)
HPRegen 0.27/turn                (no ring)
MPRegen 0.11/turn                (no ring)

@: lethally poisoned (0 -> -3), lightly drained
A: yellow scales 1, powered by pain 1, demonic magic 1, demonic touch 1
a: Renounce Religion


You were on level 4 of the Dungeon.
You worshipped Qazlal.
Qazlal was noncommittal.
You visited 2 branches of the dungeon, and saw 5 of its levels.

You collected 161 gold pieces.

Inventory:

Hand Weapons
 a - a +0 hand axe (weapon)
 y - the +0 sling of Defence by Offence {flame, rCorr}
   (You found it on level 4 of the Dungeon)

   rCorr:     It protects you from acid and corrosion.
Missiles
 c - 67 stones
 v - 6 curare-tipped darts
 z - 5 atropa-tipped darts
Armour
 b - a +0 leather armour
 p - an orb of mayhem
 q - a +0 pair of gloves (worn)
 u - a +0 pair of boots (worn)
 A - a +1 leather armour of cold resistance (worn)
Magical Staves
 r - a staff of fire
Jewellery
 n - an amulet of faith
Scrolls
 d - a scroll of fog {unknown}
 e - 4 scrolls of teleportation {unknown}
 f - 3 scrolls of identify {unknown}
 j - 2 scrolls of amnesia {unknown}
 k - a scroll of magic mapping {unknown}
 l - a scroll of enchant armour {unknown}
 m - a scroll of enchant weapon {unknown}
 o - a scroll of poison {unknown}
 s - a scroll of blinking {unknown}
 t - a scroll of acquirement {unknown}
 x - a scroll of brand weapon {unknown}
 C - a scroll of fear {unknown}
Potions
 g - a potion of ambrosia {unknown}
 h - a potion of magic {unknown}
 i - a potion of degeneration {unknown}
 w - a potion of haste {unknown}
 B - 3 potions of curing {unknown}


   Skills:
 + Level 2.9 Fighting
 + Level 4.1 Axes
 + Level 2.6 Armour
 + Level 2.7 Dodging
 + Level 2.2 Stealth
 + Level 2.2 Spellcasting
 + Level 3.3 Conjurations


You had 6 spell levels left.
You knew the following spells:

 Your Spells              Type           Power      Damage    Failure   Level
a - Kiss of Death         Conj/Necr      28%        2d7       12%         1
b - Momentum Strike       Conj/Tloc      14%        3d8       19%         2

Your spell library contained the following spells:

 Spells                   Type           Power      Damage    Failure   Level
 Summon Small Mammal      Summ           4%         N/A       24%         1
 Hailstorm                Conj/Ice       7%         3d4       34%         3
 Call Canine Familiar     Summ           1%         N/A       58%         3
 Summon Guardian Golem    Hex/Summ       1%         N/A       58%         3


Dungeon Overview and Level Annotations

Branches:
Dungeon (4/15)             Temple (1/1) D:4

Altars:
Fedhas
Qazlal
Wu Jian


Innate Abilities, Weirdness & Mutations

You are partially covered in yellow scales. (AC +2)
You sometimes gain a little power by taking damage.
Spells you cast may paralyse adjacent enemies.
Your touch may inflict minor irresistible damage on your foes.


Message History

The scorpion stings you.
Unknown command.
You hit the adder.
You touch the adder.
You kill the adder!
Qazlal accepts your kill.
You completely miss the scorpion.
You feel very sick. The scorpion stings you.
You feel sick.
The scorpion stings you but does no damage.
You feel sick.
The scorpion stings you but does no damage.
You feel sick. The scorpion barely misses you. x2
You hit the scorpion but do no damage.
The scorpion is moderately wounded.
You feel sick. The scorpion stings you.
You are lethally poisoned!
The scorpion poisons you!
You hit the scorpion but do no damage.
You touch the scorpion!
The scorpion is severely wounded.
* * * LOW HITPOINT WARNING * * *
You feel very sick. The scorpion barely misses you.
You hit the scorpion.
The scorpion is almost dead.
* * * LOW HITPOINT WARNING * * *
You feel very sick.
The scorpion stings you but does no damage. x2
You hit the scorpion.
You kill the scorpion!
Qazlal accepts your kill.
* * * LOW HITPOINT WARNING * * *
You feel very sick.
* * * LOW HITPOINT WARNING * * *
You feel sick.
* * * LOW HITPOINT WARNING * * *
You feel sick.
* * * LOW HITPOINT WARNING * * *
You feel sick.
You die...

.## .. ..## .# #.#. #...
...## ... #.. .... ....##
.... ##.. ...
.....##......##...##+..
........# #......#...#
......### #........#
##....# #.......# ##..##
##..@....# # #....##
##....#...#
#........###......##+.....+
..................# ..##.#
..##........###...###..#
...# ........##..#...#..
....##.........#.........
..........................
###......##................


There were no monsters in sight!

Vanquished Creatures
  An ice beast (D:4)
  A scorpion (D:4)
  2 hounds
  A jelly (D:4)
  An iguana (D:4)
  2 adders
  An ufetubus (D:4)
  2 worms
  A dart slug (D:3)
  5 orcs (D:4)
  3 bats
  9 endoplasms
  5 giant cockroaches
  10 goblins
  3 hobgoblins
  3 jackals (D:3)
  5 quokkas
  6 ball pythons
  6 frilled lizards
  2 kobolds (D:2)
  7 rats
76 creatures vanquished.

Vanquished Creatures (others)
  5 fungi
  4 plants
9 creatures vanquished.

Grand Total: 85 creatures vanquished

Notes
Turn   | Place    | Note
-------+----------+-------------------------------------------
     0 | D:1      | xian the Demonspawn Reaver began the quest for the Orb.
     0 | D:1      | Reached XP level 1. HP: 16/16 MP: 3/3
   204 | D:1      | Gained mutation: Your touch may inflict minor irresistible
                  | damage on your foes. [demonic ancestry]
   204 | D:1      | Reached XP level 2. HP: 21/22 MP: 5/5
   813 | D:2      | HP: 1/22 [rat (3)]
   817 | D:2      | Reached skill level 3 in Axes
   906 | D:2      | Learned a level 2 spell: Momentum Strike
   934 | D:2      | Gained mutation: You sometimes gain a little power by
                  | taking damage. [demonic ancestry]
   934 | D:2      | Reached XP level 3. HP: 27/27 MP: 6/6
  1556 | D:3      | Reached skill level 1 in Armour
  1764 | D:3      | Gained mutation: Spells you cast may paralyse adjacent
                  | enemies. [demonic ancestry]
  1764 | D:3      | Reached XP level 4. HP: 33/33 MP: 7/7
  1862 | D:3      | Noticed an earth elemental
  1864 | D:3      | Found a stormy altar of Qazlal.
  1866 | D:3      | Noticed a water elemental
  1867 | D:3      | Noticed a fire elemental
  1867 | D:3      | Noticed an air elemental
  1932 | D:3      | Found a blossoming altar of Fedhas.
  1978 | D:3      | Found a large runed translucent door.
  1979 | D:3      | Found a large runed translucent door.
  1999 | D:3      | Found an ornate altar of the Wu Jian Council.
  2067 | D:3      | Became a worshipper of Qazlal Stormbringer
  2446 | D:4      | Reached skill level 1 in Stealth
  2446 | D:4      | Reached XP level 5. HP: 28/39 MP: 8/8
  2467 | D:4      | Identified the +0 sling of Defence by Offence {flame,
                  | rCorr}
  2584 | D:4      | Noticed an ice beast
  2597 | D:4      | Killed an ice beast
  2598 | D:4      | Reached skill level 4 in Axes
  2652 | D:4      | Found a staircase to the Ecumenical Temple.
  2672 | D:4      | Gained mutation: You are partially covered in yellow
                  | scales. (AC +2) [demonic ancestry]
  2672 | D:4      | Reached XP level 6. HP: 35/46 MP: 9/9
  2680 | Temple   | Entered the Ecumenical Temple
  3043 | D:4      | HP: 1/45 [poisoned by a scorpion]
  3045 | D:4      | Succumbed to a scorpion's poison

Illustrated notes

Levels and vault maps discovered:
D:1:      wander_arrival_fairy_ring, layout_loops_cross, minmay_octomino_e4
D:2:      layout_rooms, chequers_serial_rivers_large_a
D:3:      layout_loops_ring, nicolae_qazlal_style_of_elements, fedhas_altar_3,
          jmf_multi_god_temple2
D:4:      layout_layer_cave, minmay_temple_entry_statues_pillars,
          minmay_fractal_squares_diagonal_5, uniq_grinder, uniq_robin,
          uniq_menkaure
Temple:   nicolae_temple_elliptical

Skill      XL: |  1  2  3  4  5  6 |
---------------+-------------------+-----
Dodging        | 2 |  2.7
Axes           | 3 4 |  4.1
Armour         | 1 2 |  2.6
Stealth        | 1 2 |  2.2
Fighting       | |  2.9
Spellcasting   | |  2.2
Conjurations   | |  3.3

Action                     |  1- 3 |  4- 6 || total
---------------------------+-------+-------++-------
  Melee: Hand axe          |   132 |    96 ||   228
         Touch             |    14 |    25 ||    39
   Cast: Kiss of Death     |       |     2 ||     2
         Momentum Strike   |       |     1 ||     1
   Stab: Sleeping          |     2 |     1 ||     3
         Paralysed         |       |     1 ||     1
 Armour: Leather armour    |    38 |    38 ||    76
  Dodge: Dodged            |    72 |    62 ||   134

Table legend: (Time is in decaauts)
 A = Elapsed time spent in this place.
 B = Non-inter-level travel time spent in this place.
 C = Inter-level travel time spent in this place.
 D = Time resting spent in this place.
 E = Time spent auto-exploring this place.
 F = Levels seen in this place.
 G = Mean time per level.
                   A        B        C        D        E       F      G
               +--------+--------+--------+--------+--------+-----+--------+
         Total |   3081 |   2979 |    102 |     80 |   1342 |   5 |  616.2 |
       Dungeon |   3079 |   2977 |    102 |     80 |   1342 |   4 |  769.8 |
        Temple |      1 |      1 |      0 |      0 |      0 |   1 |    1.0 |
               +--------+--------+--------+--------+--------+-----+--------+

Top non-repeatable levels by time:
     D:3: 929 daAuts
     D:1: 803 daAuts
     D:2: 727 daAuts
     D:4: 618 daAuts
  Temple: 1 daAuts
